 Dungeon Crawl Stone Soup version 0.28.0-53-g5a82cb258f (webtiles) character file.

Game seed: 4906280621918093267

394 SanguineChosen the Covered (level 6, -33/38 HPs)
             Began as a Gargoyle Fighter on July 1, 2022.
             Was an Initiate of Ashenzari.
             Killed by an exploding Eustachio (43 damage)
             ... ignited by their inner flame
             ... on level 4 of the Dungeon.
             The game lasted 00:22:25 (5190 turns).

SanguineChosen the Covered (Gargoyle Fighter)       Turns: 5190, Time: 00:22:26

Health: -33/38     AC: 13    Str: 21    XL:     6   Next: 82%
Magic:  6/6        EV:  9    Int:  9    God:    Ashenzari [......]
Gold:   155        SH:  4    Dex:  9    Spells: 5/5 levels left

rFire   . . .      SeeInvis .   n - +2 hand axe (vorpal)
rCold   . . .      Faith    .   c - +0 buckler
rNeg    + . .      Spirit   .   b - +1 scale mail
rPois   ∞          Reflect  .   (no helmet)
rElec   +          Harm     .   (no cloak)
rCorr   .          Rampage  .   l - +0 pair of gloves
Will    .....                   (no boots)
Stlth   ..........              o - amulet of magic regeneration
HPRegen 0.12/turn               (no ring)
MPRegen 0.50/turn               (no ring)

@: no status effects
A: sickness immunity, AC +4, negative energy resistance 1, electricity
resistance, torment resistance 1, petrification resistance
a: Renounce Religion


You were on level 4 of the Dungeon.
You worshipped Ashenzari.
Ashenzari was noncommittal.
You visited 1 branch of the dungeon, and saw 4 of its levels.

You collected 155 gold pieces.

Inventory:

Hand Weapons
 a - a +0 flail
 n - a +2 vorpal hand axe (weapon)
Missiles
 h - 3 poisoned darts (quivered)
 m - 5 datura-tipped darts
Armour
 b - a +1 scale mail (worn)
 c - a +0 buckler (worn)
 l - a +0 pair of gloves (worn)
 p - a +2 leather armour of cold resistance
Jewellery
 o - an amulet of magic regeneration (around neck)
Wands
 f - a wand of digging (6)


   Skills:
 + Level 4.2 Fighting
 + Level 4.8 Maces & Flails
 + Level 4.8 Armour
 + Level 1.2 Dodging
 + Level 0.1 Stealth
 + Level 4.1 Shields


You had 5 spell levels left.
You didn't know any spells.
Your spell library contained the following spells:

 Spells                   Type           Power      Damage    Failure   Level
 Apportation              Tloc           0%         N/A       80%         1
 Call Canine Familiar     Summ           0%         N/A       99%         3
 Portal Projectile        Hex/Tloc       0%         N/A       99%         3
 Leda's Liquefaction      Hex/Erth       0%         N/A       100%        4
 Alistair's Intoxication  Tmut/Pois      0%         N/A       100%        5


Dungeon Overview and Level Annotations

Branches:
Dungeon (4/15)
 Temple: D:4-7

Altars:
Ashenzari
Gozag
Hepliaklqana
Kikubaaqudgha
Okawaru
Qazlal
Ru
Vehumet
The Shining One

Annotations:
D:4 1 runed translucent door, bchevrier's ghost, amateur GnWn


Innate Abilities, Weirdness & Mutations

You are immune to sickness and miasma.
Your stone body is resilient. (AC +4)
You are immune to poison.
You resist negative energy. (rN+)
You are resistant to electric shocks. (rElec)
You are resistant to unholy torment.
You are immune to petrification.


Message History

You hit the iron imp. The iron imp closely misses you.
Eustachio hits you with a +0 rapier.
You barely miss Eustachio.
Eustachio is lightly wounded.
You hit the iron imp. Eustachio completely misses you.
The iron imp closely misses you.
You hit Eustachio.
Eustachio is moderately wounded.
You barely miss the iron imp. Eustachio hits you with a +0 rapier.
The iron imp hits you but does no damage.
Eustachio hits you but does no damage.
You closely miss Eustachio.
Eustachio is moderately wounded.
You closely miss the iron imp.
The iron imp hits you but does no damage.
Eustachio hits you but does no damage.
As you read the scroll labelled VOTUFFEODD, it crumbles to dust.
The creatures around you are filled with an inner flame!
It was a scroll of immolation.
The iron imp hits you but does no damage.
Eustachio closely misses you.
Eustachio gestures wildly while chanting.
Eustachio blinks!
Eustachio hits you but does no damage.
You closely miss Eustachio.
Eustachio is moderately wounded.
Eustachio hits you but does no damage.
You closely miss the rat. You hit Eustachio.
Flame seeps out of Eustachio. x2
Eustachio is engulfed in blazing flames.
Flame seeps out of Eustachio.
Eustachio hits you with a +0 rapier.
* * * LOW HITPOINT WARNING * * *
The rat bites you but does no damage.
You closely miss the rat. You hit Eustachio.
Flame seeps out of Eustachio. x2
Eustachio is engulfed in blazing flames.
The iron imp disappears in a puff of smoke!
The rat disappears in a puff of smoke!
Eustachio explodes!
The fiery explosion engulfs you!!!
Ouch! That really hurt!
You die...

..........###.###.#...........
.)..#....##.#.###.#.##'#.##'#.
#.......##..#.'r#.#.#..#.#..#.
+.......')..#.#.#.#.#..'.'..#.
#.......##..#.#.#.#.####.####.
....#....##.#.#.#.#...........
..##'##..#..#§#.#.#.##########
. ). ##.#.##§#.#...........#.
######'####@#.#######.##..#.
....).......°#.#######.#<..#.
#......#######.........#...#.
##..... ##..._...##...#.
#..... ##._..._..#'#.#. ######
#...............
#._..⌠.._.......
#...............
##._..._.......>


There were no monsters in sight!

Vanquished Creatures
  Eustachio (D:4)
  An ogre (D:4)
  A phantom (D:1)
  A jelly (D:4)
  A wyvern skeleton (D:4)
  A hound (D:2)
  5 adders
  A dart slug (D:1)
  2 orcs
  8 endoplasms
  5 giant cockroaches
  7 goblins
  2 hobgoblins
  3 jackals (D:1)
  3 quokkas
  5 ball pythons
  5 bats
  A frilled lizard (D:2)
  5 kobolds
  6 rats
  A spectral goblin (D:2)
65 creatures vanquished.

Notes
Turn   | Place    | Note
-------+----------+-------------------------------------------
     0 | D:1      | SanguineChosen the Gargoyle Fighter began the quest for the
                  | Orb.
     0 | D:1      | Reached XP level 1. HP: 14/14 MP: 1/1
   410 | D:1      | Reached XP level 2. HP: 13/19 MP: 2/2
  1398 | D:2      | Reached XP level 3. HP: 19/23 MP: 3/3
  1406 | D:2      | Noticed a phantom
  1419 | D:1      | Killed a phantom
  1420 | D:1      | Reached XP level 4. HP: 14/29 MP: 4/4
  2024 | D:2      | Found a faded altar of an unknown god.
  2140 | D:2      | Reached XP level 5. HP: 24/33 MP: 5/5
  3031 | D:3      | Reached skill level 1 in Dodging
  3727 | D:4      | Noticed Eustachio
  3839 | D:4      | Found an iron altar of Okawaru.
  3840 | D:4      | Found an ancient bone altar of Kikubaaqudgha.
  3840 | D:4      | Found a stormy altar of Qazlal.
  3841 | D:4      | Found an opulent altar of Gozag.
  3841 | D:4      | Found a radiant altar of Vehumet.
  3842 | D:4      | Found a glowing golden altar of the Shining One.
  3842 | D:4      | Found a sacrificial altar of Ru.
  3843 | D:4      | Found a broken altar of Ashenzari.
  3907 | D:4      | Became a worshipper of Ashenzari the Shackled
  4073 | D:4      | Reached XP level 6. HP: 8/38 MP: 6/6
  4459 | D:4      | Found a hazy altar of Hepliaklqana.
  4526 | D:4      | Found a runed translucent door.
  4526 | D:4      | Noticed bchevrier's ghost (amateur GnWn)
  5190 | D:4      | Killed Eustachio
  5190 | D:4      | Killed by an exploding Eustachio... ignited by their inner
                  | flame

Illustrated notes

Levels and vault maps discovered:
D:1:      roderic_octagonal_star, layout_basic
D:2:      layout_loops_cross, dreamdust_ecumenical_altar_drowned_temple
D:3:      layout_basic
D:4:      minmay_door_path, layout_basic, grunt_temple_overflow_open,
          mainiacjoe_overflow_paths, gammafunk_ghost_grave, minmay_pentangle,
          uniq_eustachio

Skill      XL: |  1  2  3  4  5 |
---------------+----------------+-----
Maces & Flails | 3 4 |  4.8
Armour         | 4 |  4.8
Dodging        | 1 |  1.2
Fighting       | 4 |  4.2
Shields        | 4 |  4.1
Stealth        | |  0.1

Action                   |  1- 3 |  4- 6 || total
-------------------------+-------+-------++-------
Melee: Flail             |    75 |   101 ||   176
       Hand axe          |       |    56 ||    56
  Use: Potion            |     1 |     5 ||     6
       Scroll            |       |     7 ||     7
Armor: Scale mail        |    56 |    88 ||   144
Dodge: Dodged            |    48 |    61 ||   109
Block: Buckler           |    11 |    32 ||    43
